 Dungeon Sprint DCSS version 0.30-a0-989-g0d87f670db (webtiles) character file.

Game seed: 597518662426038897

3574 holysushi the Markshill orc (level 10, -13/77 HPs)
             Began as a Hill Orc Monk on Apr 3, 2023.
             Was the Champion of Beogh.
             Mangled by Veatokk the pandemonium lord (25 damage)
             ... in the Dungeon (Sprint V: "Ziggurat Sprint").
             The game lasted 00:04:19 (713 turns).

holysushi the Markshill orc (Hill Orc Monk)          Turns: 713, Time: 00:04:20

Health: -13/77     AC:  5    Str: 17    XL:     10   Next: 10%
Magic:  10/10      EV: 25    Int: 10    God:    Beogh [******]
Gold:   0          SH:  0    Dex: 27    Spells: 9/9 levels left

rFire   . . .      SeeInvis +    H - +27 heavy crossbow "Sniper" {heavy, Acc+∞ SInv}
rCold   . . .      Faith    .    (shield currently unavailable)
rNeg    . . .      Spirit   .    X - +0 steam dragon scales
rPois   .          Reflect  .    (no helmet)
rElec   .          Rampage  .    (no cloak)
rCorr   .          NoTele   +    (no gloves)
Will    .....                    (no boots)
Stlth   +++                      (no amulet)
HPRegen 0.32/turn                t - +6 ring of dexterity
MPRegen 0.12/turn                u - +6 ring of dexterity

@: no status effects
A: walk on water
a: Renounce Religion, Smiting, Recall Orcish Followers, Give Item to Named
Follower, Resurrection


You were in the Dungeon.
You worshipped Beogh.
Beogh was exalted by your worship.
You visited 1 branch

Inventory:

Hand Weapons
 a - the +4 consecrated labrys {holy, Valiant Fragile Fly SInv}
   (You found it in the Dungeon)

   Valiant:   It becomes more powerful as more dangerous foes come into view.
   SInv:      It lets you see invisible.
   Fly:       It grants you flight.
   Fragile:   It will be destroyed if unequipped.
 C - a +5 bardiche
 D - a +5 demon trident
 E - a +5 broad axe
 F - a +5 executioner's axe
 G - the +10 dark maul {heavy}
   (You found it in the Dungeon)
 H - the +27 heavy crossbow "Sniper" (weapon) {heavy, Acc+∞ SInv}
   (You found it in the Dungeon)

   Acc+∞: It never misses its target.
   SInv:      It lets you see invisible.
 I - the +16 obsidian axe {drain, demonic, Mesm Drain Fly SInv}
   (You found it in the Dungeon)

   Mesm:      Its wielder is mesmerised by any visible foes, and it cannot be
   unequipped while any foes are visible.
   SInv:      It lets you see invisible.
   Fly:       It grants you flight.
   Drain:     It drains your maximum health when unequipped.
 K - the +11 Singing Sword {sonic wave}
   (You found it in the Dungeon)
 L - the +11 plutonium sword {Contam Stlth-}
   (You found it in the Dungeon)

   Contam:    It causes magical contamination when unequipped.
   Stlth:     It makes you less stealthy.
 M - the +8 storm bow {elec, penet}
   (You found it in the Dungeon)
 Y - the +8 demon trident "Rift" {distort, reach+}
   (You found it in the Dungeon)
Armour
 b - a +0 robe
 J - the +18 shield of the Gong {Loud rN+ Will+ rCorr EV-5}
   (You found it in the Dungeon)

   Loud:      It is deafeningly noisy when blocking attacks.
   EV:        It affects your evasion (-5).
   rN:        It protects you from negative energy.
   rCorr:     It protects you from acid and corrosion.
   Will:      It increases your willpower.
 N - a +5 crystal plate armour
 O - +5 gold dragon scales
 R - a +3 tower shield
 S - a +3 kite shield
 X - +0 steam dragon scales (worn)
Jewellery
 s - a ring of flight
 t - a +6 ring of dexterity (left hand)
 u - a +6 ring of dexterity (right hand)
 v - a +6 ring of intelligence
 w - a +6 ring of intelligence
 x - a +6 ring of strength
 y - a +6 ring of strength
 T - the ring of Hunuirch {rElec rCorr Str+6}
   (You found it in the Dungeon)

   [ring of resist corrosion]

   Str:       It affects your strength (+6).
   rElec:     It insulates you from electricity.
   rCorr:     It protects you from acid and corrosion.
 U - the ring of Jathuas {Fly Dex+4}
   (You found it in the Dungeon)

   [ring of flight]

   Dex:       It affects your dexterity (+4).
   Fly:       It grants you flight.
 V - a ring of wizardry
 W - the ring "Vassim" {Ice Fly rN+ Str+4 Int-3}
   (You found it in the Dungeon)

   [ring of ice]

   It enhances your ice magic.
   Str:       It affects your strength (+4).
   Int:       It affects your intelligence (-3).
   rF:        It makes you vulnerable to fire.
   rC:        It protects you from cold.
   rN:        It protects you from negative energy.
   Fly:       It grants you flight.
 Z - an amulet of reflection
Wands
 z - a wand of mindburst (7)
 A - a wand of iceblast (7)
 B - a wand of light (7)
Scrolls
 i - 4 scrolls of blinking
 o - 4 scrolls of amnesia
 p - 7 scrolls of fog
 q - 5 scrolls of identify
 r - 2 scrolls of fear
Potions
 c - a potion of ambrosia
 d - 10 potions of curing
 e - 10 potions of heal wounds
 f - 2 potions of haste
 g - 7 potions of magic
 h - 3 potions of berserk rage
 j - 2 potions of brilliance
 k - 2 potions of invisibility
 l - 4 potions of resistance
 n - 5 potions of might
Miscellaneous
 m - a condenser vane
 P - a phantom mirror
 Q - a box of beasts


   Skills:
 - Level 3.6 Fighting
 - Level 4.0 Axes
 + Level 15.5 Ranged Weapons
 + Level 13.3 Dodging
 - Level 1.5 Stealth


You had 9 spell levels left.
You didn't know any spells.
Your spell library contained the following spells:

 Spells                   Type           Power      Damage    Failure   Level
 Apportation              Tloc           0%         N/A       36%         1
 Scorch                   Fire           0%         2d5       50%         2
 Ozocubu's Armour         Ice            0%         N/A       75%         3
 Animate Dead             Necr           0%         N/A       98%         4
 Flame Wave               Conj/Fire      0%         2d4       98%         4
 Alistair's Intoxication  Tmut/Pois      0%         N/A       100%        5
 Borgnjor's Vile Clutch   Necr/Erth      0%         N/A       100%        5
 Metabolic Englaciation   Hex/Ice        0%         N/A       100%        5
 Death Channel            Necr           0%         N/A       100%        6
 Eringya's Noxious Bog    Tmut/Pois      0%         N/A       100%        6
 Simulacrum               Ice/Necr       0%         N/A       100%        6
 Summon Cactus Giant      Summ           0%         N/A       100%        6


Dungeon Overview and Level Annotations

Branches:
Dungeon (1/1) Zot: 27000

Altars:
Ashenzari
Cheibriados
Dithmenos
Elyvilon
Fedhas
Gozag
Hepliaklqana
Kikubaaqudgha
Makhleb
Nemelex Xobeh
Okawaru
Qazlal
Ru
Sif Muna
Trog
Uskayaw
Vehumet
Wu Jian
Xom
Yredelemnul
Zin
The Shining One
Beogh
Jiyva
Lugonu


Message History

You add the spells Animate Dead and Death Channel to your library.
You see here a +0 arbalest of flaming.
There is a transporter here.
You start resting.
Your extra speed is starting to run out.
You start resting.
You feel yourself slow down.
You start resting.
HP restored.
Okay, then.
Welcome to arena 9.
You enter the transporter and appear at another place.
An ice devil, a shadow imp, 2 white imps, a quasit, 2 crimson imps and a Veatokk come into view.
The crimson imp shouts!
Veatokk squeals, "Accept thy failure, thou tasty junket!"
Veatokk bursts into living lightning!
The living lightning hits you!!
Veatokk blinks! x2; Veatokk tramples you!
You hold your ground!
The white imp shouts!
The quasit gives a chilling moan.
Found seven items.
Fire: H) +27 heavy crossbow "Sniper" {heavy, Acc+∞ SInv}
Press: ? - help, Q - select action, (/) - cycle Shift-Dir - straight line, f - Veatokk
Aim: Veatokk (100% to hit)
You shoot a bolt. The white imp shouts!
The bolt hits Veatokk but does no damage.
Veatokk bursts into living lightning!
The living lightning misses you.
Veatokk blinks!
Veatokk completely misses you. x2
Veatokk sneers, "I shall feast on thy lungs!"
Veatokk tramples you.
You hold your ground!
Fire: H) +27 heavy crossbow "Sniper" {heavy, Acc+∞ SInv}
Press: ? - help, Q - select action, (/) - cycle Shift-Dir - straight line, f/p - Veatokk
Aim: Veatokk (100% to hit)
You shoot a bolt. The bolt hits Veatokk!!!!
Veatokk is moderately wounded.
Veatokk tramples you!!
* * * LOW HITPOINT WARNING * * *
You hold your ground!
Veatokk completely misses you.
The quasit completely misses you. x3; Veatokk tramples you!!
You die...

▓..8©8..▓
▓..[??:[..▓...)}..▓
▓...)[}...▓..)}=..▓
▓.........▓.......▓
▓..5......▓.......▓
▓..4......▓.......▓
▓...555...▓.......▓
▓...5&5...▓...)...▓
▓....@....▓...©...▓
▓▓▓▓▓▓▓▓▓▓▓▓▓▓▓▓▓▓▓


You could see Veatokk, an ice devil, a quasit, 2 crimson imps, 2 white imps and
a shadow imp.

Vanquished Creatures
  A deep elf archer (D)
  3 rime drakes (D)
  A ynoxinul (D)
  A water elemental (D)
  A golden eye (D)
  5 steam dragons (D)
  An acid dragon (D)
  2 floating eyes (D)
  A swamp drake (D)
  A wolf (D)
  A phantom (D)
  2 necrophages (D)
  3 bullfrogs (D)
  A wight (D)
  2 quasits (D)
  2 jellies (D)
  An iron imp (D)
  2 iguanas (D)
  2 orc wizards (D)
  An adder skeleton (D)
  An orc (D)
  A ball python zombie (D)
36 creatures vanquished.

Vanquished Creatures (others)
  A swamp drake (D)
1 creature vanquished.

Grand Total: 37 creatures vanquished

Notes
Turn   | Place    | Note
-------+----------+-------------------------------------------
     0 | D        | holysushi the Hill Orc Monk began the quest for the Orb.
     0 | D        | Reached XP level 1. HP: 19/19 MP: 1/1
     0 | D        | Found a shimmering blue altar of Sif Muna.
     0 | D        | Found a sacrificial altar of Ru.
     0 | D        | Found a bloodstained altar of Trog.
     0 | D        | Found a stormy altar of Qazlal.
     0 | D        | Found an iron altar of Okawaru.
     0 | D        | Found a sparkling altar of Nemelex Xobeh.
     0 | D        | Found a blossoming altar of Fedhas.
     0 | D        | Found the +6 Majin-Bo {spellvamp, MP+6 Int+6}
     0 | D        | Found the +27 heavy crossbow "Sniper" {heavy, Acc+∞ SInv}
     0 | D        | Found the +10 dark maul {heavy}
     0 | D        | Found the +15 Maxwell's patent armour {-Cast -Tele rElec
                  | Will+ rCorr}
     0 | D        | Found the +18 shield of the Gong {Loud rN+ Will+ rCorr
                  | EV-5}
     0 | D        | Found the +16 obsidian axe {drain, demonic, Mesm Drain Fly
                  | SInv}
     0 | D        | Found the +7 great mace "Firestarter" {flame, inner flame,
                  | rFlCloud rF++}
     0 | D        | Found the +6 shillelagh "Devastator" {shatter}
     0 | D        | Found the +11 plutonium sword {Contam Stlth-}
     0 | D        | Found the +8 lance "Wyrmbane" {slay drac, rPois rF+ rC+
                  | AC+3}
     0 | D        | Found the +9 sword of Zonguldrok {reap}
     0 | D        | Found the +13 scythe of Curses {drain, curses, Drain}
     0 | D        | Found the +9 sword of Power {lifebolt}
     0 | D        | Found the +7 mace of Variability {chaos, chain chaos}
     0 | D        | Found the +11 Singing Sword {sonic wave}
     0 | D        | Found the +8 storm bow {elec, penet}
     2 | D        | Found an ancient bone altar of Kikubaaqudgha.
     2 | D        | Found a transporter.
     2 | D        | Found a corrupted altar of Lugonu.
     2 | D        | Found a viscous altar of Jiyva.
     2 | D        | Found a burning altar of Makhleb.
     2 | D        | Found a hazy altar of Hepliaklqana.
     2 | D        | Found an opulent altar of Gozag.
    80 | D        | Became a worshipper of Beogh the Brigand
    80 | D        | Reached * piety under Beogh
    80 | D        | Reached ** piety under Beogh
    91 | D        | Reached skill level 6 in Ranged Weapons
    91 | D        | Reached XP level 2. HP: 26/26 MP: 2/2
   103 | D        | Entered arena 2.
   103 | D        | Noticed a water elemental
   103 | D        | Noticed a deep elf archer
   103 | D        | Found a transporter.
   104 | D        | Killed a deep elf archer
   105 | D        | Reached skill level 11 in Ranged Weapons
   105 | D        | Reached XP level 3. HP: 9/31 MP: 3/3
   105 | D        | Reached XP level 4. HP: 12/39 MP: 4/4
   105 | D        | Reached XP level 5. HP: 13/45 MP: 5/5
   105 | D        | Reached XP level 6. HP: 15/51 MP: 6/6
   105 | D        | Reached XP level 7. HP: 17/57 MP: 7/7
   105 | D        | Killed a water elemental
   248 | D        | Entered arena 3.
   248 | D        | Found a transporter.
   255 | D        | Reached *** piety under Beogh
   268 | D        | Entered arena 4.
   268 | D        | Noticed a ynoxinul
   268 | D        | Found a transporter.
   269 | D        | Killed a ynoxinul
   270 | D        | Reached skill level 12 in Ranged Weapons
   270 | D        | Reached XP level 8. HP: 51/64 MP: 8/8
   271 | D        | Reached **** piety under Beogh
   278 | D        | Got the ring of Hunuirch {rElec rCorr Str+6}
   280 | D        | Got the ring of Jathuas {Fly Dex+4}
   314 | D        | Entered arena 5.
   314 | D        | Found a transporter.
   316 | D        | Reached skill level 10 in Dodging
   319 | D        | Reached skill level 13 in Ranged Weapons
   370 | D        | Got the ring "Vassim" {Ice Fly rN+ Str+4 Int-3}
   565 | D        | Entered arena 6.
   565 | D        | Found the +8 demon trident "Rift" {distort, reach+}
   565 | D        | Found a transporter.
   566 | D        | Reached ***** piety under Beogh
   570 | D        | Reached XP level 9. HP: 70/70 MP: 9/9
   587 | D        | Entered arena 7.
   593 | D        | Reached skill level 14 in Ranged Weapons
   594 | D        | Reached ****** piety under Beogh
   595 | D        | Found a transporter.
   607 | D        | Entered arena 8.
   613 | D        | Found a transporter.
   625 | D        | Entered arena 9.
   625 | D        | Found the +4 consecrated labrys {holy, Valiant Fragile Fly
                  | SInv}
   625 | D        | Noticed a rime drake
   625 | D        | Noticed a rime drake
   625 | D        | Noticed a rime drake
   629 | D        | Killed a rime drake
   630 | D        | Killed a rime drake
   631 | D        | Reached skill level 15 in Ranged Weapons
   632 | D        | Killed a rime drake
   633 | D        | Reached XP level 10. HP: 55/77 MP: 10/10
   635 | D        | Found a transporter.
   711 | D        | Entered arena 10.
   711 | D        | Noticed Veatokk the pandemonium lord
   713 | D        | Mangled by Veatokk the pandemonium lord

Illustrated notes

Levels and vault maps discovered:
D:        sprint_v [room_start, room_1, room_2, room_3, room_4, room_5, room_6,
          room_7, room_8, room_9, room_10, room_11, room_12, room_13, room_14,
          room_15, room_16, room_17, room_18, room_19, room_20, room_21,
          room_22, room_23, room_24, room_25, room_26, room_27]

Skill      XL: |  1  2  3  4  5  6  7  8  9 |
---------------+----------------------------+-----
Ranged Weapons | 6 11 12 13 15 | 15.5
Dodging        | 8 9 11 13 | 13.3
Fighting       | |  3.6
Axes           | |  4.0
Stealth        | |  1.5

Action                     |  1- 3 |  4- 6 |  7- 9 | 10-12 || total
---------------------------+-------+-------+-------+-------++-------
   Fire: Heavy crossbow    |     7 |       |    61 |     4 ||    72
    Use: Potion            |     1 |       |     4 |       ||     5
 Armour: Steam dragon scal |       |       |     3 |       ||     3
  Dodge: Dodged            |       |       |    25 |    11 ||    36

Table legend: (Time is in decaauts)
 A = Elapsed time spent in this place.
 B = Non-inter-level travel time spent in this place.
 C = Inter-level travel time spent in this place.
 D = Time resting spent in this place.
 E = Time spent auto-exploring this place.
 F = Levels seen in this place.
 G = Mean time per level.
                   A        B        C        D        E       F      G
               +--------+--------+--------+--------+--------+-----+--------+
         Total |    765 |    765 |      0 |    383 |      0 |   1 |  765.0 |
       Dungeon |    765 |    765 |      0 |    383 |      0 |   1 |  765.0 |
               +--------+--------+--------+--------+--------+-----+--------+

Top non-repeatable levels by time:
       D: 765 daAuts
